[Event "Early-Titled-Tuesday-Blitz-April-02-2024"]
[Site "Chess.com"]
[Date "2024.04.02"]
[Round "8"]
[White "bilelou"]
[Black "SuperJesus88"]
[Result "0-1"]
[WhiteElo "2649"]
[BlackElo "2553"]
[TimeControl "180+1"]
[EndTime "9:29:46 PDT"]
[Termination "SuperJesus88 won on time"]

1. e4 e6 2. d4 d5 3. e5 b6 4. c3 Qd7 5. a4 Ba6 6. Bxa6 Nxa6 7. Qd3 Nb8 8. Ne2 c5 9. O-O Nc6 10. Nd2 Nge7 11. Nf3 h6 12. Ng3 c4 13. Qd1 Na5 14. Be3 Nb3 15. Ra2 O-O-O 16. Nd2 Na5 17. b3 cxb3 18. Nxb3 Nec6 19. Nd2 Be7 20. Nh5 g6 21. Nf6 Bxf6 22. exf6 g5 23. Qe2 Kb7 24. Rb1 Rc8 25.
Rab2 Nb8 26. Rb5 Ka8 27. Nb3 Nxb3 28. R1xb3 Nc6 29. h4 Na5 30. Ra3 gxh4 31. Bf4 Rhg8 32. Bxh6 Qd6 33. Ra1 Rg6 34. Bg7 Rxc3 35. Rxa5 bxa5 36.
Qb5 Qc6 37. Qb1 h3 38. Qxg6 Rc1+ 39. Kh2 fxg6 40. f7 Qc7+ 41. Be5 Qxf7 42. Rxc1 Qxf2 43. Rc8+ Kb7 44. Rb8+ Kc6 45. Kxh3 Qf5+ 46. Kh2 Qg4 47. Rb5 a6 48. Rxa5 Kb6 49. Rc5 Qh5+ 50. Kg1 Qe2 51.
a5+ Kb7 52. Rc7+ Ka8 53. Rc8+ Ka7 54. Rc7+ Ka8 55. Kh1 Qe1+ 56. Kh2 Qh4+ 57. Kg1 Qe1+ 58. Kh2 Qxa5 59. Rc8+ Kb7 60. Rb8+ Kc6 61. Re8 Qe1 62. Rxe6+ Kb5 63. Rxg6 Kc4 64. Rxa6 Kd3 0-1

[Event "Early-Titled-Tuesday-Blitz-April-02-2024"]
[Site "Chess.com"]
[Date "2024.04.02"]
[Round "8"]
[White "MITerryble"]
[Black "Rud_Makarian"]
[Result "1/2-1/2"]
[WhiteElo "3015"]
[BlackElo "3032"]
[TimeControl "180+1"]
[EndTime "9:29:51 PDT"]
[Termination "Game drawn - insufficient material"]

1. d4 Nf6 2. Bg5 d5 3. e3 Bf5 4.
Bd3 Bxd3 5. Qxd3 c6 6. Bxf6 exf6 7. Nd2 Nd7 8. Ngf3 g6 9. e4 dxe4 10. Qxe4+ Be7 11. O-O O-O 12. Qf4 f5 13. Rfe1 Bf6 14. c3 Nb6 15. Qg3 Nd5 16. Nc4 Qd7 17. Qd6 Rad8 18. Qxd7 Rxd7 19. Nfe5 Rdd8 20. Nd3 Rd7 21. a4 b6 22. a5 Rb8 23. axb6 axb6 24. Ra6 h5 25. g3 Kg7 26. Kf1 h4 27. Kg2 Rc7 28. Re2 hxg3 29. hxg3 Be7 30. Re1 c5 31. dxc5 Bxc5 32. Nxc5 Rxc5 33. Ne3 Nf6 34. Rd1 Rb7 35. Rd4 b5 36. Rb4 Ne4 37. g4 Rd7 38. gxf5 gxf5 39.
Rd4 Re7 40. Rd5 Rxd5 41. Nxd5 Rd7 42. Ne3 Rd2 43. Nxf5+ Kh7 44. Kf3 Ng5+ 45. Ke3 Rxb2 46. Rh6+ Kg8 47. Rb6 Rc2 48. Kd3 Rxf2 49. Rxb5 Ne6 50.
Nd4 Nxd4 51. cxd4 Kf8 52. Ke3 Rh2 53. Rb7 Ke8 54. Ke4 Rh5 55. d5 f6 56. Kd4 f5 57. d6 f4 58. Ke4 Kd8 59. Rg7 Ra5 60.
Rf7 Rb5 61. Kd4 Ra5 62. Kc4 Rh5 63. Kd4 Ra5 64. Ke4 Rh5 65. Rf6 Kd7 66. Kxf4 Rd5 67. Ke4 Rxd6 68. Rxd6+ Kxd6 1/2-1/2

[Event "Early-Titled-Tuesday-Blitz-April-02-2024"]
[Site "Chess.com"]
[Date "2024.04.02"]
[Round "8"]
[White "Kazmin_Semyon"]
[Black "AA95"]
[Result "1-0"]
[WhiteElo "2610"]
[BlackElo "2498"]
[TimeControl "180+1"]
[EndTime "9:29:51 PDT"]
[Termination "Kazmin_Semyon won by checkmate"]

1. e4 e5 2. Nf3 Nf6 3. Nc3 Bb4 4. Bd3 O-O 5. O-O Re8 6. Re1 c6 7. a3 Ba5 8. b4 Bc7 9. Bf1 d5 10. d3 Nbd7 11. Bg5 h6 12. Bh4 g5 13. Bg3 d4 14.
Ne2 Nf8 15. c3 dxc3 16. Nxc3 a5 17. b5 Ng6 18. d4 Bg4 19. h3 exd4 20. Bxc7 Qxc7 21.
Qxd4 Bxf3 22. Qxf6 Bh5 23. g4 Re6 24. Qf3 Nh4 25.
Qe3 Bg6 26. Bg2 Rae8 27. b6 Qf4 28. Qxf4 gxf4 29. f3 Rd8 30. Rad1 Red6 31. Rxd6 Rxd6 32. Rd1 Rxd1+ 33. Nxd1 Kf8 34. Nb2 Ke7 35. Kf2 Kd6 36. Bf1 Kc5 37. Na4+ Kd6 38. Bc4 f6 39. Bg8 Be8 40.
Nb2 Kc5 41. Nd3+ Kxb6 42. Nxf4 Kb5 43. Nh5 Bxh5 44. gxh5 Ka4 45. Kg3 Nxf3 46. Kxf3 Kxa3 47. Kf4 b5 48. Kf5 b4 49. Kxf6 b3 50. e5 b2 51.
Bh7 Kb3 52. e6 a4 53. e7 a3 54. e8=Q a2 55. Qe3+ Kb4 56. Qd4+ Kb3 57. Qd3+ Kb4 58. Qd4+ Kb3 59. Bg8+ Kc2 60. Qc4+ Kd1 61. Qxa2 Kc1 62. Bh7 c5 63. Qb1+ Kd2 64. Qxb2+ Ke3 65. Qc3+ Kf4 66.
Qxc5 Kg3 67. Qe3+ Kh4 68. Qf2+ Kxh3 69. Bf5# 1-0

[Event "Early-Titled-Tuesday-Blitz-April-02-2024"]
[Site "Chess.com"]
[Date "2024.04.02"]
[Round "8"]
[White "Anton_Demchenko"]
[Black "ValentinDragnev"]
[Result "1-0"]
[WhiteElo "2966"]
[BlackElo "2725"]
[TimeControl "180+1"]
[EndTime "9:29:52 PDT"]
[Termination "Anton_Demchenko won on time"]

1. e4 c6 2. d4 d5 3. e5 c5 4. Nf3 cxd4 5. Nxd4 Nc6 6. Nxc6 bxc6 7. Bd3 e6 8. Nd2 a5 9. Qe2 Ne7 10. Nf3 Nf5 11.
O-O Bc5 12. Kh1 O-O 13. c3 f6 14. Bf4 Qe8 15. exf6 Rxf6 16. Ne5 Bb7 17. Rae1 Bd6 18.
Bg5 Rf8 19. Qg4 c5 20. Re2 a4 21. Rfe1 a3 22. b3 Qc8 23. Bc2 d4 24. c4 Ra6 25.
Nf3 Bb8 26. Be4 Bxe4 27. Rxe4 d3 28. Bd2 Qd7 29. Ne5 Bxe5 30. Rxe5 Nd4 31. f3 Nc2 32. Rd1 Nb4 33. Bxb4 cxb4 34. Qe4 Rd8 35. Qe3 Rd6 36.
h3 Qc6 37. Re4 d2 38. Qe2 Qd7 39. Kg1 Qc6 40. Re3 Qc5 41. Kh1 Qd4 42. Rxe6 Rxe6 43. Qxe6+ Kh8 44. Qe4 Qc3 45. Qh4 Rd7 46. Qg4 Qd3 47.
Qf4 h6 48. Qf8+ Kh7 49. Qe8 Rd8 50. Qe4+ Qxe4 51. fxe4 Kg6 52. Kg1 Kg5 53. Kf2 Kf4 54. Ke2 Kg3 55. Rxd2 Re8 56. Ke3 g5 57. c5 h5 58. Rc2 1-0

[Event "Early-Titled-Tuesday-Blitz-April-02-2024"]
[Site "Chess.com"]
[Date "2024.04.02"]
[Round "8"]
[White "VeraVujovic"]
[Black "SlavenPastar"]
[Result "0-1"]
[WhiteElo "2245"]
[BlackElo "2552"]
[TimeControl "180+1"]
[EndTime "9:29:52 PDT"]
[Termination "SlavenPastar won by resignation"]

1. e4 e6 2. d4 d5 3. exd5 exd5 4. Nf3 Nf6 5. Bd3 Bd6 6. O-O O-O 7. Bg5 Bg4 8. Nbd2 Bh5 9. c3 Nbd7 10. Qc2 Bg6 11. Rfe1 Re8 12. Rxe8+ Qxe8 13. Re1 Qf8 14. Ne5 Re8 15.
f4 c6 16. h3 Bxd3 17. Qxd3 h6 18. Bh4 Bc7 19. Ndf3 Qd6 20. Nxd7 Rxe1+ 21. Bxe1 Qxd7 22. Ne5 Qe6 23. Qf3 Qf5 24. Qd3 Qxf4 25. Bd2 Qe4 26. Qxe4 Nxe4 27. Bf4 g5 28. Bh2 Kg7 29. Kh1 Nf2+ 30. Kg1 Nd1 31. Nd3 Bxh2+ 32. Kxh2 Ne3 33. g4 Nc4 34. b3 Nd6 35. Nc5 b6 36. Nd7 f6 37. Kg3 Kf7 38. Nb8 Ne4+ 39. Kf3 Nxc3 40. Nxc6 Nxa2 41. Nxa7 Nc1 42. b4 Nd3 43. b5 Nb2 44.
Nc8 Nc4 45. Ke2 Ke6 46. Na7 f5 47. Nc6 fxg4 48. hxg4 Kd6 49. Kd3 Na3 50. Na7 Ke6 51.
Kc3 Nc4 52. Kd3 Kd6 53. Kc3 Ne3 54. Nc6 Nxg4 55. Nd8 Nf6 56. Nf7+ Ke7 57. Nxh6 Ne4+ 58. Kd3 Nf6 59. Nf5+ Ke6 60. Ne3 Kd6 61. Ng2 Ne4 62. Ne3 Ke6 63. Ng4 Nd6 64. Ne3 Nxb5 0-1

[Event "Early-Titled-Tuesday-Blitz-April-02-2024"]
[Site "Chess.com"]
[Date "2024.04.02"]
[Round "8"]
[White "wonderfultime"]
[Black "MetiForce"]
[Result "1-0"]
[WhiteElo "2990"]
[BlackElo "2893"]
[TimeControl "180+1"]
[EndTime "9:29:55 PDT"]
[Termination "wonderfultime won on time"]

1. d4 Nf6 2. Nf3 e6 3. c4 d5 4. Nc3 a6 5. c5 b6 6. cxb6 cxb6 7. Bf4 Bd6 8. Bg3 O-O 9. e3 Bb7 10. Bd3 Nc6 11. Rc1 Rc8 12. Bh4 Ne7 13. Bxf6 gxf6 14. O-O b5 15. Bb1 f5 16. Ne2 Ng6 17. g3 Qa5 18.
Rxc8 Rxc8 19. h4 Qb4 20. b3 a5 21. h5 Ne7 22. Kh1 h6 23. Nf4 Kf8 24. Nd3 Qa3 25. Nfe5 Bc6 26. Kg2 b4 27. Qf3 Bb5 28. Rd1 a4 29.
Qf4 Kg7 30. g4 axb3 31. axb3 Qxb3 32. gxf5 Nxf5 33. Rg1 Bxd3 34. Bxd3 Qxd3 35. Qg4+ Kh7 36. Nxd3 Rg8 37. Qxg8+ Kxg8 38. Rb1 Ng7 39. Rh1 Kh7 40. Kf3 Ne8 41. Ke2 Nf6 42. f3 Kg7 43. Kd2 Nh7 44.
Rg1+ Kf8 45. Kc2 Ng5 46. Rf1 Nh7 47. Kb3 Nf6 48. Rh1 Nh7 49. Nxb4 Bxb4 50. Kxb4 Ng5 51. Rf1 Ke7 52. Kc5 Nh7 53. Kc6 Nf6 54. Rh1 Nh7 55. e4 Nf6 56. e5 Nd7 57. Rb1 Nf8 58. Rb7+ Ke8 59. Kd6 1-0

[Event "Early-Titled-Tuesday-Blitz-April-02-2024"]
[Site "Chess.com"]
[Date "2024.04.02"]
[Round "8"]
[White "FairChess_on_YouTube"]
[Black "Elegance_Riks"]
[Result "1-0"]
[WhiteElo "3068"]
[BlackElo "2780"]
[TimeControl "180+1"]
[EndTime "9:29:55 PDT"]
[Termination "FairChess_on_YouTube won by resignation"]

1. d4 d5 2. c4 e6 3. Nf3 Nf6 4. Bg5 h6 5. Bxf6 Qxf6 6. e3 c6 7. Nbd2 g6 8. Bd3 Bg7 9. O-O O-O 10. e4 Qd8 11. e5 b6 12. cxd5 exd5 13. Qc2 Be6 14.
b4 Qe7 15. Rab1 Rc8 16. Rfc1 Nd7 17. Nb3 Bf8 18. Nbd2 a5 19. b5 c5 20. h3 Bg7 21. Qb2 c4 22. Bf1 Bf5 23. Ra1 Nf8 24. a3 a4 25. Nb1 Bxb1 26. Raxb1 Ne6 27. h4 Ra5 28. h5 g5 29. g3 Nc7 30. Qc2 Rf8 31.
Bg2 Qxa3 32. Ra1 Qb3 33. Qf5 Ne6 34. Rd1 a3 35. Nh2 a2 36. Bxd5 Rxb5 37. Be4 Rd8 38.
Qh7+ Kf8 39. Ng4 Rxd4 40. Rxd4 Nxd4 41. Nxh6 Bxh6 42. Qxh6+ Ke8 43. Qd6 Qc3 44. Rxa2 Qe1+ 45. Kh2 Qxe4 46. Qb8+ Ke7 47. Ra7+ Ke6 48. Qd6+ Kf5 49.
Rxf7+ Kg4 50. Qd7+ Nf5 51. Qd1+ Qf3 52. Qxf3+ Kxf3 53. Rxf5+ Kg4 54. h6 Ra5 55. h7 Ra8 56. Rf6 Rc8 57. Rxb6 c3 58. Rc6 Rxc6 59. h8=Q c2 60. Qh3+ Kf3 61. Qg2+ Ke2 62. Qxc6 Kd2 63. Qxc2+ Kxc2 64. e6 1-0

[Event "Early-Titled-Tuesday-Blitz-April-02-2024"]
[Site "Chess.com"]
[Date "2024.04.02"]
[Round "8"]
[White "JoshuaGK27"]
[Black "MIss_MIaMI"]
[Result "1-0"]
[WhiteElo "2524"]
[BlackElo "2365"]
[TimeControl "180+1"]
[EndTime "9:29:59 PDT"]
[Termination "JoshuaGK27 won by resignation"]

1. e4 c5 2. Nf3 e6 3. d4 cxd4 4. Nxd4 a6 5. Bd3 Ne7 6. O-O Nbc6 7. Nb3 d6 8. c4 Qc7 9. Nc3 Ng6 10. f4 Be7 11.
Be3 Nb4 12. Be2 Rb8 13. Rc1 O-O 14. a3 Nc6 15. Qd2 Rd8 16. g3 Na5 17. Nxa5 Qxa5 18. Nd5 Qxd2 19. Nxe7+ Nxe7 20. Bxd2 Bd7 21. Be3 Bc6 22.
Bf3 d5 23. cxd5 exd5 24. Bb6 Rd7 25. Rfd1 dxe4 26. Rxd7 Bxd7 27. Bxe4 Bc6 28. Bd3 Nd5 29. Bf2 Ba4 30. Be4 Nf6 31. Bf3 h6 32. Rc7 b6 33.
Rb7 Rxb7 34. Bxb7 Nd7 35. Bxa6 b5 36. b3 Bxb3 37. Bxb5 Nf6 38. a4 Bd5 39. a5 Ne4 40.
Bd4 Nd6 41. Bd3 Nc4 42. a6 Nd2 43. Kf2 Nb3 44. Be3 Na5 45. a7 Ba8 46. Bb5 Nb3 47.
Ke2 Kf8 48. Kd3 Ke7 49. Kc4 Na5+ 50. Kb4 Nb7 51. Bb6 Kd6 52. Kc3 g6 53. Kd4 h5 54.
Bc4 Kc6 55. Bxf7 Kxb6 56. Bxg6 h4 57. f5 hxg3 58. hxg3 Nd6 59. f6 Kxa7 60. f7 Nxf7 61. Bxf7 Bf3 62. Ke5 Kb7 63. Bd5+ Bxd5 64. Kxd5 Kc7 65.
Ke6 Kd8 66. Kf7 Kd7 67. g4 Kd6 68. g5 Ke5 69. g6 Kf4 70. g7 Ke5 71. g8=Q Kf5 72.
Qg6+ Kf4 73. Qh5 Kg3 74. Qd5 Kf4 75. Kf6 Ke3 76. Qc4 1-0

[Event "Early-Titled-Tuesday-Blitz-April-02-2024"]
[Site "Chess.com"]
[Date "2024.04.02"]
[Round "8"]
[White "Payyappat"]
[Black "ChristianArca"]
[Result "0-1"]
[WhiteElo "2521"]
[BlackElo "2663"]
[TimeControl "180+1"]
[EndTime "9:30:00 PDT"]
[Termination "ChristianArca won on time"]

1. e4 c6 2. d4 d5 3. exd5 cxd5 4. Nf3 Nc6 5. c4 Nf6 6. Nc3 e6 7. c5 Be7 8. Bd3 O-O 9. O-O b6 10. Bg5 bxc5 11. dxc5 Bxc5 12. Qc2 Nb4 13. Qb1 Nxd3 14. Qxd3 a5 15. Nb5 a4 16. Rac1 Be7 17. Nfd4 Ba6 18.
Nc6 Qd7 19. b3 axb3 20. Qxb3 Bxb5 21. Qxb5 Rxa2 22. Be3 h6 23. Nxe7+ Qxe7 24. Bc5 Qe8 25. Qb3 Ra8 26. Bxf8 Qxf8 27. Rc7 Rb8 28. Qe3 Qd6 29.
Rfc1 d4 30. Qd3 g6 31. g3 Kg7 32. Ra7 Qd5 33. Qc4 e5 34. Qxd5 Nxd5 35. Rd7 Nc3 36.
Re1 Kf6 37. Rd6+ Kf5 38. h3 Rb5 39. g4+ Kg5 40. Kg2 f5 41. Kg3 f4+ 42. Kg2 h5 43.
Re6 e4 44. R6xe4 Nxe4 45. Rxe4 Rd5 46. Kf3 d3 47. Re1 d2 48. Rd1 Rd3+ 49. Ke2 Rd5 50. gxh5 gxh5 51. Kf3 Rd3+ 52. Ke2 Rd4 53. Kf3 Kh4 54.
Kg2 Rd3 55. f3 Rd4 56. Kf2 Kg5 57. Ke2 Rd5 58. Rg1+ Kh4 59. Rd1 Kxh3 60. Kf2 Kh4 61. Ke2 Re5+ 62. Kf2 Rd5 63. Ke2 Kg3 64. Rg1+ Kh2 65.
Rd1 Kg2 0-1

[Event "Early-Titled-Tuesday-Blitz-April-02-2024"]
[Site "Chess.com"]
[Date "2024.04.02"]
[Round "8"]
[White "carloseduar100"]
[Black "madmax011"]
[Result "0-1"]
[WhiteElo "2195"]
[BlackElo "2352"]
[TimeControl "180+1"]
[EndTime "9:30:00 PDT"]
[Termination "madmax011 won by checkmate"]

1. e4 c5 2. d3 g6 3. Nf3 Bg7 4. g3 Nc6 5. Bg2 e6 6. O-O Nge7 7. Nc3 O-O 8. Be3 b6 9. Qd2 d5 10. Ne2 Bxb2 11. c3 Bxa1 12. Rxa1 dxe4 13. dxe4 Qxd2 14.
Nxd2 Bb7 15. a4 Rfd8 16. Nc4 f6 17. Nf4 Kf7 18. a5 Ba6 19. Bf1 g5 20. Nh5 Kg6 21. g4 Bxc4 22. Bxc4 Nxa5 23. Bxe6 Rd6 24. Ba2 Rad8 25.
Kg2 Rd1 26. Rxd1 Rxd1 27. h4 Nac6 28. Be6 Rd6 29. Bc4 Ne5 30. Bb5 Rd8 31. f3 N7c6 32. Kg3 Rd1 33. f4 gxf4+ 34. Nxf4+ Kf7 35. Ba6 Ne7 36.
c4 Ra1 37. Bb7 Ra3 38. Ng2 Nxc4 39. Kf4 Nxe3 40. Nxe3 Ng6+ 41. Kf3 Nxh4+ 42. Kf4 Ng6+ 43. Kf3 c4 44. Bd5+ Ke7 45. e5 Nxe5+ 46. Ke4 Rxe3+ 47.
Kxe3 Nxg4+ 48. Kd4 Ne5 49. Be4 Kd6 50. Bxh7 a5 51.
Kc3 Kc5 52. Bg8 b5 53. Kb2 b4 54. Ka2 Kd4 55. Kb2 f5 56. Bh7 f4 57. Bf5 f3 58.
Bh3 f2 59. Ka2 Kc3 60. Bf1 b3+ 61. Ka3 Kd2 62. Kb2 Nd3+ 63. Ka3 Ke1 64. Bh3 f1=Q 65. Bxf1 Kxf1 66. Ka4 b2 67. Ka3 b1=Q 68. Ka4 Qb4# 0-1

[Event "Early-Titled-Tuesday-Blitz-April-02-2024"]
[Site "Chess.com"]
[Date "2024.04.02"]
[Round "8"]
[White "LiamPutnam2008"]
[Black "SAInt_666"]
[Result "0-1"]
[WhiteElo "2899"]
[BlackElo "2720"]
[TimeControl "180+1"]
[EndTime "9:30:01 PDT"]
[Termination "SAInt_666 won by checkmate"]

1. a4 d5 2. a5 e5 3. e3 a6 4. d4 Nd7 5. Nc3 Ngf6 6. dxe5 Nxe5 7. Nf3 Bd6 8. h3 O-O 9. Be2 Re8 10. O-O c6 11.
Ra4 Bc7 12. e4 Nxf3+ 13. Bxf3 Qd6 14. g3 Bxh3 15. Re1 dxe4 16. Qxd6 Bxd6 17. Nxe4 Nxe4 18. Raxe4 Rxe4 19. Rxe4 Be6 20. c3 Bd5 21. Rd4 Bc5 22. Rd3 Bxf3 23. Rxf3 Rd8 24. Kg2 f6 25. b4 Ba7 26. g4 h6 27. Be3 Bxe3 28. Rxe3 Kf7 29. Re4 Rd5 30. Re3 Re5 31. Rd3 Ke7 32. Rd4 Rd5 33.
Re4+ Kd7 34. f3 Rd3 35. c4 Rb3 36. c5 Rd3 37. Kg3 Rd5 38. Kf4 g5+ 39. Kg3 f5 40. gxf5 Rxf5 41. Kg4 Rf6 42. Kg3 Re6 43. Rd4+ Ke7 44.
Kg4 Rf6 45. Re4+ Kf7 46. Rd4 Ke6 47. Re4+ Kd5 48. Re7 Rf4+ 49. Kg3 Rxb4 50. Rh7 Kxc5 51. Rxh6 Rb5 52. Rh5 Kb4 53. Rh7 Kxa5 54. Kg4 Kb4 55. Re7 a5 56. Re4+ Kb3 57. Re3+ Kc2 58. Re2+ Kd3 59.
Ra2 b6 60. Ra3+ Kc2 61. Ra2+ Kb3 62. Ra1 a4 63. Rb1+ Kc2 64. Ra1 Ra5 65. f4 gxf4 66. Kxf4 a3 67. Ke3 a2 68. Kd4 Kb2 69. Rd1 a1=Q 70.
Rd2+ Kc1+ 71. Kd3 Rd5+ 72. Kc4 Qa4+ 73. Kc3 Qa3+ 74. Kc4 b5# 0-1

[Event "Early-Titled-Tuesday-Blitz-April-02-2024"]
[Site "Chess.com"]
[Date "2024.04.02"]
[Round "8"]
[White "Gennady_Kozlov"]
[Black "Gabrielian_Artur"]
[Result "0-1"]
[WhiteElo "2636"]
[BlackElo "2810"]
[TimeControl "180+1"]
[EndTime "9:30:02 PDT"]
[Termination "Gabrielian_Artur won by resignation"]

1. d4 Nf6 2. c4 c5 3. d5 e6 4. Nc3 g6 5. Nf3 exd5 6. cxd5 d6 7. Nd2 Nbd7 8. Nc4 Nb6 9. e3 Nxc4 10. Bxc4 Bg7 11. Bb5+ Bd7 12. Qa4 O-O 13. Bxd7 Nxd7 14. O-O a6 15. Qf4 Ne5 16. a4 c4 17. Ne4 Re8 18. f3 f5 19. Ng5 Nd3 20. Qxc4 Nxc1 21. Ne6 Rc8 22. Nxd8 Rxc4 23. Nxb7 Ne2+ 24. Kh1 Rxe3 25.
Nxd6 Rd4 26. Rfd1 Red3 27. Re1 Rxd5 28. Nxf5 gxf5 29. Rxe2 Rd1+ 30. Re1 Rxe1+ 31. Rxe1 Bxb2 32. g3 Kf7 33. Kg2 Rd2+ 34. Kh3 Bf6 35. Rb1 Ra2 36. Rb4 a5 37. Rc4 h5 38. Rc5 Rxa4 39. Rxf5 Kg6 40.
Rb5 Ra2 41. g4 hxg4+ 42. Kxg4 a4 43. h4 Rg2+ 44. Kh3 Rb2 45. Ra5 Rb4 46. h5+ Kh6 47. Kg3 Bb2 48. f4 Bc1 49. Kf3 Rxf4+ 50. Ke2 Rd4 51. Rc5 Bg5 52. Ra5 Kxh5 53. Kf3 Rf4+ 54. Ke2 Kg4 55. Kd3 Bf6 56. Kc2 Rb4 57. Ra6 Kf5 58.
Ra5+ Be5 59. Ra6 Ke4 60. Ra5 Bd4 61. Ra6 Kd5 62. Ra5+ Kc4 63. Ra8 Rb2+ 64. Kc1 Rb4 65. Kc2 Bc5 66. Ra6 Kb5 67. Ra8 Rf4 68. Kb2 Rf2+ 69.
Kb1 Kb4 70. Rb8+ Kc4 71. Rc8 a3 72. Ka1 Kb4 73. Rb8+ Kc3 74. Rc8 Kb3 75. Rb8+ Bb4 76. Rxb4+ Kxb4 0-1

[Event "Early-Titled-Tuesday-Blitz-April-02-2024"]
[Site "Chess.com"]
[Date "2024.04.02"]
[Round "8"]
[White "jk13"]
[Black "Aygehovit1992"]
[Result "0-1"]
[WhiteElo "2711"]
[BlackElo "2853"]
[TimeControl "180+1"]
[EndTime "9:30:04 PDT"]
[Termination "Aygehovit1992 won by resignation"]

1. e4 c5 2. c3 Nf6 3. e5 Nd5 4. Bc4 Nb6 5. Bb3 d5 6. exd6 c4 7. Bc2 Qxd6 8. Nf3 g6 9. O-O Bg7 10. Qe2 O-O 11. Na3 Bg4 12. Re1 Nc6 13. h3 Bxf3 14. Qxf3 e5 15. Qe2 Qe6 16. d3 cxd3 17.
Bxd3 Rad8 18. Be3 Nd5 19. Bc4 Qe7 20. Rad1 Nxc3 21. bxc3 Qxa3 22. Qc2 e4 23. Bb3 Qe7 24. Rxd8 Rxd8 25. Bf4 Re8 26. Bd5 Qc5 27. Rxe4 Rd8 28. Bb3 Qxc3 29. Qe2 Nd4 30. Re8+ Bf8 31. Qe5 Rxe8 32.
Qxe8 Nxb3 33. Bd6 Qg7 34. axb3 h6 35. h4 h5 36. g3 a6 37. Kg2 b5 38. Qa8 a5 39.
Bxf8 Qxf8 40. Qxa5 Qc5 41. Qa8+ Kg7 42. Qe4 b4 43.
Qd3 Qc3 44. Qd5 Kf6 45. Qd6+ Kf5 46. Qd5+ Kf6 47. Qd6+ Kg7 48. Qd5 Qf6 49. Qc4 Qd6 50.
Qe4 Kf6 51. Qc4 Ke7 52. Kf3 Qf6+ 53. Ke3 Qe5+ 54. Kd3 Qd6+ 55. Qd4 Qa6+ 56. Kd2 Qb7 57. Qe5+ Kd7 58. Qd4+ Ke6 59. Qc4+ Qd5+ 60. Ke3 Qxc4 61. bxc4 Kd6 62. Kd4 Kc6 63. c5 b3 64. Kc3 Kxc5 65.
Kxb3 Kd4 66. Kc2 Ke4 67. Kd2 Kf3 68. Ke1 f5 69. Kf1 f4 70. gxf4 Kxf4 71. Kg2 Kg4 72.
f3+ Kxh4 73. Kh2 Kg5 74. Kg3 Kf5 75. Kg2 Kf4 76. Kf2 h4 77. Kg2 g5 78. Kf2 h3 0-1

[Event "Early-Titled-Tuesday-Blitz-April-02-2024"]
[Site "Chess.com"]
[Date "2024.04.02"]
[Round "8"]
[White "Matrix3x3a"]
[Black "flawian2008"]
[Result "1/2-1/2"]
[WhiteElo "2602"]
[BlackElo "2500"]
[TimeControl "180+1"]
[EndTime "9:30:04 PDT"]
[Termination "Game drawn by repetition"]

1. d4 Nf6 2. c4 c5 3. d5 b5 4. cxb5 a6 5. b6 g6 6. Nc3 Bg7 7. e4 d6 8. f4 O-O 9. a4 Qxb6 10. a5 Qb4 11. Ra4 Qb7 12. Nf3 Bd7 13. Ra3 e6 14. Bc4 Qb4 15. Nd2 exd5 16. Nxd5 Nxd5 17. Bxd5 Bc6 18.
Rb3 Qxa5 19. Rxb8 Bxd5 20. Rxf8+ Rxf8 21. exd5 Re8+ 22. Kf1 Qb5+ 23. Kf2 Bd4+ 24. Kg3 Re2 25. Nf3 Bf2+ 26. Kh3 h5 27. g3 Qd7+ 28. Kg2 Qb5 29. Kh3 Qd7+ 30. Kg2 Qb5 31. Rf1 Be3+ 32. Kh1 Bxc1 33. Qxc1 Rxb2 34. Ng1 c4 35. Qd1 Rb3 36. Qd4 Rd3 37. Qe4 c3 38. f5 c2 39. fxg6 Qxd5 40.
gxf7+ Kf8 41. Qxd5 Rxd5 42. Ne2 Rd1 43. Kg2 d5 44. Nc1 d4 45. Kf2 Rd2+ 46. Ke1 Rxh2 47. Rf2 Rxf2 48. Kxf2 a5 49. Ke2 Kxf7 50. Kd3 Kf6 51.
Kxc2 Kf5 52. Nd3 Kg4 53. Nf4 a4 54. Ne2 Kf3 55. Nxd4+ Kxg3 56. Ne2+ Kf3 57. Ng1+ Kg2 58. Ne2 Kf2 59. Nf4 h4 60. Kb2 Kf3 61. Nh3 Kg3 62.
Ng1 Kg2 63. Ne2 Kf2 64. Nf4 Ke3 65. Nh3 Kf3 66. Ka3 Kg3 67. Ng1 Kg2 68. Ne2 Kf3 69.
Ng1+ Ke3 70. Nh3 Kf3 71. Kxa4 Kg3 72. Ng1 Kg2 73. Ne2 Kf2 74. Nf4 Kf3 75. Nh3 Kg3 76.
Ng1 Kf2 77. Nh3+ Kg2 78. Nf4+ Kg3 79. Ne2+ Kf2 80. Nf4 Kg3 81. Ne2+ Kh2 82. Nf4 Kg3 1/2-1/2

[Event "Early-Titled-Tuesday-Blitz-April-02-2024"]
[Site "Chess.com"]
[Date "2024.04.02"]
[Round "8"]
[White "Alexander_Donchenko"]
[Black "Byniolus"]
[Result "0-1"]
[WhiteElo "2897"]
[BlackElo "2799"]
[TimeControl "180+1"]
[EndTime "9:30:14 PDT"]
[Termination "Byniolus won by checkmate"]

1. c4 c6 2. Nf3 d5 3. e3 Nf6 4. Nc3 Bg4 5. Qb3 Qb6 6. cxd5 Qxb3 7. axb3 Bxf3 8. gxf3 Nxd5 9. d4 e6 10. Bd2 Nd7 11. Rg1 g6 12. Bd3 Nb4 13. Bb1 Be7 14. Ke2 a6 15. Ne4 Nd5 16. Bd3 O-O 17. f4 Kh8 18. Ng5 N7f6 19. e4 Nb4 20. Bb1 Nh5 21. Kf3 Ng7 22. Bc3 f6 23. Nh3 f5 24. e5 Rfd8 25.
Ng5 Kg8 26. Ke2 Nd5 27. Bd2 c5 28. dxc5 Bxc5 29. Bd3 Bd4 30. Rab1 b5 31. h4 Bb6 32. h5 Nxh5 33. Nxe6 Re8 34. Bxf5 Ra7 35. Be4 Ne7 36. Rbc1 Ng7 37. Nxg7 Kxg7 38. Be3 Bxe3 39. fxe3 Rd8 40. Rgd1 Rad7 41. Rxd7 Rxd7 42. Ra1 Ra7 43. b4 h5 44. Rd1 Rc7 45. Rd6 Rc4 46. Kf3 Rxb4 47. Re6 Kf7 48. Rf6+ Ke8 49. Rxa6 Rxb2 50. Bxg6+ Nxg6 51. Rxg6 b4 52. f5 b3 53. Rb6 Rb1 54. e6 Ke7 55. Ke4 Kf6 56. Rb7 b2 57. Rf7+ Kg5 58. e7 Rd1 59. Rg7+ Kh4 60. e8=Q b1=Q+ 61. Ke5 Qb2+ 62.
Ke6 Qxg7 63. f6 Qg4+ 64. Ke7 Qb4+ 65. Kf7 Qc4+ 66. Kg7 Rg1+ 67. Kh6 Qg4 68. Qf7 Qg5+ 69. Kh7 Kg3 70. Qc7+ Kf3 71. Qb7+ Kf2 72. Qf7 h4 73. e4 h3 74. Qa2+ Kf3 75. Qb3+ Kf4 76.
Qxh3 Qg8+ 77. Kh6 Qg6# 0-1

[Event "Early-Titled-Tuesday-Blitz-April-02-2024"]
[Site "Chess.com"]
[Date "2024.04.02"]
[Round "8"]
[White "HeroWilczek"]
[Black "FredddieCroderg"]
[Result "1/2-1/2"]
[WhiteElo "2544"]
[BlackElo "2362"]
[TimeControl "180+1"]
[EndTime "9:30:17 PDT"]
[Termination "Game drawn by repetition"]

1. d4 Nf6 2. c4 g6 3. Nc3 Bg7 4. e4 O-O 5. Bd3 c5 6. Nge2 cxd4 7. Nxd4 Nc6 8. Nc2 Ne5 9. Be2 d6 10. O-O Be6 11. b3 Rc8 12. Bb2 a6 13. h3 Ned7 14. Nd4 Nc5 15. Bf3 Bd7 16. Re1 e5 17. Nc2 Qe7 18. Ne3 Bc6 19. b4 Ne6 20. Ncd5 Bxd5 21. exd5 Ng5 22. Rc1 Nxf3+ 23. Qxf3 Nh5 24. Nf1 f5 25. Qb3 Nf4 26. Kh2 e4 27. Bxg7 Qxg7 28. Red1 Nd3 29. Rc2 Qe5+ 30. Kg1 f4 31. Re2 Qd4 32.
Nd2 Nxf2 33. Rxf2 e3 34. Re2 exd2+ 35. Kh2 f3 36. gxf3 Qf4+ 37. Kg2 Rce8 38. Rdxd2 Qg5+ 39. Kh2 Qf4+ 40. Kg2 Qg5+ 41. Kh2 Rxe2+ 42. Rxe2 h5 43. Qe3 Qf5 44. Qe6+ Qxe6 45. Rxe6 Rf4 46. Rxg6+ Kf7 47. Rxd6 Rxc4 48. Rb6 Ke7 49. Rxb7+ Kd6 50. Rb6+ Kxd5 51. Rxa6 Ke5 52. Kg3 h4+ 53. Kf2 Rxb4 54.
Rg6 Rb2+ 55. Ke3 Rxa2 56. Rg5+ Kf6 57. Rg4 Ra3+ 58. Ke4 Ra4+ 59. Kd5 Ra3 60. Ke4 Ra4+ 61. Ke3 Ra3+ 62. Ke2 Ra2+ 63. Kf1 Ra3 64. Kf2 Ra2+ 65. Kg1 Ra3 66. Kg2 Ra2+ 67. Kh1 Ra3 68. Rf4+ Kg5 69.
Rg4+ Kf5 70. Rxh4 Rxf3 71. Kg2 Ra3 72. Rh5+ Kg6 73. Re5 Kh6 74. Rf5 Rb3 75. h4 Ra3 76.
Re5 Rb3 77. Rf5 Ra3 78. Re5 Rb3 79. Rf5 1/2-1/2

[Event "Early-Titled-Tuesday-Blitz-April-02-2024"]
[Site "Chess.com"]
[Date "2024.04.02"]
[Round "8"]
[White "wild3000"]
[Black "PonyQueen07"]
[Result "1-0"]
[WhiteElo "2367"]
[BlackElo "2184"]
[TimeControl "180+1"]
[EndTime "9:30:19 PDT"]
[Termination "wild3000 won by checkmate"]

1. d4 Nf6 2. Nf3 e6 3. e3 b6 4. Be2 Bb7 5. O-O Nc6 6. c4 g6 7. Nc3 Bg7 8. b3 O-O 9. Bb2 d6 10. Rc1 Ne7 11. Qc2 c5 12. Rfd1 a6 13. e4 Qc7 14. d5 e5 15. g3 Bc8 16. Bf1 Bg4 17. Bg2 Ne8 18. h3 Bd7 19. a4 f5 20. Ng5 h6 21. Ne6 Bxe6 22. dxe6 f4 23. Nd5 Nxd5 24. exd5 Qe7 25. Qxg6 Rf6 26. Qg4 Qf8 27. Be4 Kh8 28. Rd3 Nc7 29. Rf3 Qe7 30. gxf4 Rxf4 31. Rxf4 exf4 32. Bxg7+ Qxg7 33. Qxg7+ Kxg7 34. Kg2 Kf6 35. Kf3 Rg8 36. Kxf4 a5 37. Re1 Ne8 38. Bf3 Ng7 39. Bg4 Ke7 40. Bf3 Ne8 41. Ke3 Nf6 42. Rh1 Rg5 43. Rh2 Rg8 44. Rg2 Rh8 45.
Rg7+ Kf8 46. Rf7+ Ke8 47. Rxf6 Rh7 48. Bh5+ Ke7 49. Rf7+ Rxf7 50. Bxf7 Kf8 51. f4 Ke7 52. f5 Kf6 53. Kf4 h5 54. h4 b5 55. cxb5 c4 56.
bxc4 Ke7 57. Kg5 Kf8 58. Bxh5 Ke7 59. f6+ Kd8 60. b6 Kc8 61. e7 Kb7 62. e8=Q Kxb6 63. Qc6+ Ka7 64. Qxd6 Kb7 65. Qc6+ Ka7 66. Qc5+ Kb7 67.
Qb5+ Ka7 68. Qxa5+ Kb7 69. Qb5+ Ka7 70. c5 Ka8 71. f7 Ka7 72. Bg4 Ka8 73. h5 Ka7 74. h6 Ka8 75. h7 Ka7 76. Bc8 Ka8 77.
h8=Q Ka7 78. f8=Q Ka8 79. a5 Ka7 80. d6 Ka8 81. c6 Ka7 82. a6 Ka8 83. Bb7+ Ka7 84.
Qc5# 1-0